[Event "7th Iberoamerican-ch 2019"]
[Site "Linares"]
[Date "2019.08.10"]
[Round "1.6"]
[White "Esquivias Quintero, Luis Manuel"]
[Black "Salgado Lopez, Ivan"]
[Result "1/2-1/2"]
[ECO "B66"]
[WhiteElo "2275"]
[BlackElo "2596"]
[Annotator "ChessBase"]
[PlyCount "65"]
[EventDate "2019.08.10"]
[EventType "swiss"]
[EventCountry "ESP"]
[SourceTitle "playchess.com"]
[Source "ChessBase"]
[SourceQuality "1"]
[TimeControl "5400+30"]

1. e4 c5 2. Nf3 Nc6 3. d4 cxd4 4. Nxd4 Nf6 5. Nc3 d6 6. Bg5 e6 7. Qd2 a6 8. O-O-O Be7 9. f3 Qc7 10. Kb1 Nxd4 11. Qxd4 b5 12. g4 Bb7 13. a3 Rc8 14. Qd2 O-O 15. Bd3 Rfd8 16. h4 d5 17. e5 Ne4 18. fxe4 dxe4 19. Bxe7 Qxe7 20. Rh3 exd3 21. Rxd3 Rxd3 22. Qxd3 Bc6 23. g5 Rb8 24. Ne4 Bxe4 25. Qxe4 Rd8 26. Rd4 Rxd4 27. Qxd4 h6 28. gxh6 gxh6 29. Qg4+ Kh7 30. Qe4+ Kg7 31. Qg4+ Kh7 32. Qe4+ Kg7 33. Qg4+ 1/2-1/2

[Event "7th Iberoamerican-ch 2019"]
[Site "Linares"]
[Date "2019.08.10"]
[Round "1.7"]
[White "Lopez Martinez, Josep Manuel"]
[Black "Moral Garcia, Serafin"]
[Result "1-0"]
[ECO "E71"]
[WhiteElo "2581"]
[BlackElo "2283"]
[Annotator "ChessBase"]
[PlyCount "97"]
[EventDate "2019.08.10"]
[EventType "swiss"]
[EventCountry "ESP"]
[SourceTitle "playchess.com"]
[Source "ChessBase"]
[SourceQuality "1"]
[TimeControl "5400+30"]

1. d4 Nf6 2. c4 g6 3. Nc3 Bg7 4. e4 d6 5. h3 O-O 6. Be3 e5 7. d5 a5 8. g4 Ne8 9. Nf3 f5 10. gxf5 gxf5 11. exf5 Bxf5 12. Ng5 Nf6 13. Rg1 Qe7 14. Qf3 Bg6 15. Ne6 Rf7 16. Rxg6 hxg6 17. Qg2 Nbd7 18. Nxc7 Rc8 19. Ne6 Nc5 20. Bxc5 dxc5 21. Qxg6 e4 22. Be2 Qd6 23. O-O-O Re8 24. Bg4 Nh7 25. Bf5 Nf8 26. Qg4 Qe5 27. Nxg7 Qxg7 28. d6 Qxg4 29. hxg4 Kg7 30. d7 Rd8 31. Nxe4 b6 32. Rd6 Nxd7 33. Ng5 Rf6 34. Ne6+ Kg8 35. Rd1 Re8 36. Rxd7 Rexe6 37. Bxe6+ Rxe6 38. Rd5 Re4 39. Rg5+ Kf7 40. b3 Re2 41. Rf5+ Ke6 42. a4 Re4 43. f4 Rd4 44. Kc2 Rd8 45. Re5+ Kf6 46. g5+ Kg6 47. Re6+ Kf5 48. Rxb6 Kxf4 49. Rc6 1-0

[Event "7th Iberoamerican-ch 2019"]
[Site "Linares"]
[Date "2019.08.10"]
[Round "1.8"]
[White "Forgas Moreno, Yaniela"]
[Black "Vazquez Igarza, Renier"]
[Result "1/2-1/2"]
[ECO "B23"]
[WhiteElo "2272"]
[BlackElo "2558"]
[Annotator "ChessBase"]
[PlyCount "111"]
[EventDate "2019.08.10"]
[EventType "swiss"]
[EventCountry "ESP"]
[SourceTitle "playchess.com"]
[Source "ChessBase"]
[SourceQuality "1"]
[TimeControl "5400+30"]

1. e4 c5 2. Nc3 e6 3. g3 d5 4. Bg2 Nf6 5. e5 Ng8 6. d3 Nc6 7. f4 Nh6 8. Nf3 Nf5 9. Ne2 h5 10. h3 Bd7 11. O-O Ncd4 12. Kh2 h4 13. Nfxd4 hxg3+ 14. Nxg3 Nxg3 15. Kxg3 cxd4 16. Kh2 Rc8 17. Bd2 Qb6 18. Rb1 Be7 19. Be1 Qc7 20. Rc1 Qb6 21. Rb1 Ba4 22. b3 Bd7 23. Bf2 Qb4 24. Bg1 Qc3 25. Rf2 g6 26. Re2 b5 27. Qf1 Bd8 28. Qf2 Bb6 29. a3 Qc5 30. Ra1 Qe7 31. Qe1 Qh4 32. Qd2 Qg4 33. Rf1 Ba5 34. Qd1 Bc3 35. Rf3 Qh4 36. Bf2 Qe7 37. Qg1 Qc5 38. Rg3 a5 39. Qc1 Qe7 40. Rg4 Kf8 41. Bf3 Kg7 42. Qg1 Qxa3 43. Rg5 Kf8 44. f5 gxf5 45. Bh4 Ke8 46. Rg8+ Rxg8 47. Qxg8+ Qf8 48. Qh7 Bb4 49. Bf6 a4 50. Rg2 a3 51. Rg8 Rxc2+ 52. Kg3 Be1+ 53. Kf4 Bd2+ 54. Kg3 Be1+ 55. Kf4 Bd2+ 56. Kg3 1/2-1/2

[Event "7th Iberoamerican-ch 2019"]
[Site "Linares"]
[Date "2019.08.10"]
[Round "1.9"]
[White "Albornoz Cabrera, Carlos Daniel"]
[Black "Lacayo, Rene"]
[Result "1-0"]
[ECO "C92"]
[WhiteElo "2566"]
[BlackElo "2240"]
[Annotator "ChessBase"]
[PlyCount "99"]
[EventDate "2019.08.10"]
[EventType "swiss"]
[EventCountry "ESP"]
[SourceTitle "playchess.com"]
[Source "ChessBase"]
[SourceQuality "1"]
[TimeControl "5400+30"]

1. e4 e5 2. Nf3 Nc6 3. Bb5 a6 4. Ba4 Nf6 5. O-O Be7 6. Re1 b5 7. Bb3 d6 8. c3 O-O 9. h3 Bb7 10. d4 Re8 11. Nbd2 Bf8 12. a3 h6 13. Bc2 g6 14. b3 Bg7 15. Bb2 Nh5 16. Bd3 Nf4 17. Bf1 Nb8 18. g3 Nh5 19. dxe5 dxe5 20. c4 bxc4 21. Nxc4 Nc6 22. b4 Qf6 23. Ne3 Nd4 24. Nxd4 exd4 25. Ng4 Qb6 26. Qd2 Kh7 27. Bg2 a5 28. Rac1 Re7 29. e5 Bxg2 30. Kxg2 axb4 31. axb4 Rd7 32. Rc4 Ra4 33. Kh2 Qb5 34. Rec1 c5 35. R1c2 Rxb4 36. Rxc5 Qb7 37. R5c4 Rxc4 38. Rxc4 f5 39. Rxd4 Rxd4 40. Qxd4 fxg4 41. hxg4 Qf3 42. gxh5 Qxh5+ 43. Kg2 Qf5 44. Qd5 h5 45. Qf3 Qc2 46. e6 Qc7 47. Ba3 Qc8 48. e7 Qe8 49. Qf8 Qc6+ 50. Kg1 1-0

[Event "7th Iberoamerican-ch 2019"]
[Site "Linares"]
[Date "2019.08.10"]
[Round "1.10"]
[White "Almagro Mazariegos, Sebastian"]
[Black "Henriquez Villagra, Cristobal"]
[Result "0-1"]
[ECO "B56"]
[WhiteElo "2268"]
[BlackElo "2560"]
[Annotator "ChessBase"]
[PlyCount "96"]
[EventDate "2019.08.10"]
[EventType "swiss"]
[EventCountry "ESP"]
[SourceTitle "playchess.com"]
[Source "ChessBase"]
[SourceQuality "1"]
[TimeControl "5400+30"]

1. e4 c5 2. Nf3 d6 3. d4 cxd4 4. Nxd4 Nf6 5. Nc3 Nc6 6. f3 e5 7. Nb3 Be7 8. Be3 Be6 9. Qd2 d5 10. exd5 Nxd5 11. Nxd5 Qxd5 12. Qxd5 Bxd5 13. O-O-O O-O-O 14. Bd3 Kc7 15. Be4 Bxe4 16. fxe4 b6 17. Rxd8 Rxd8 18. Rf1 Rf8 19. Nd2 Kd7 20. c3 h5 21. h3 Ke6 22. Kd1 g6 23. g4 hxg4 24. hxg4 Rh8 25. Nf3 f6 26. Ke2 Na5 27. Nd2 Nb7 28. b4 Nd6 29. a4 f5 30. gxf5+ gxf5 31. exf5+ Nxf5 32. Bf2 Rh3 33. Rc1 Bg5 34. Rc2 Bxd2 35. Kxd2 e4 36. Kc1 Rh1+ 37. Kb2 e3 38. Bxe3 Nxe3 39. Re2 Rh3 40. Kb3 Kd6 41. Rf2 Nd5 42. Rc2 a5 43. bxa5 bxa5 44. Rc1 Kc5 45. Rc2 Rh7 46. Re2 Rb7+ 47. Kc2 Re7 48. Rh2 Re3 0-1

[Event "7th Iberoamerican-ch 2019"]
[Site "Linares"]
[Date "2019.08.10"]
[Round "1.11"]
[White "Cruz, Cristhian"]
[Black "Balbuena Fuentes, Mario"]
[Result "1-0"]
[ECO "A00"]
[WhiteElo "2562"]
[BlackElo "2266"]
[Annotator "ChessBase"]
[PlyCount "57"]
[EventDate "2019.08.10"]
[EventType "swiss"]
[EventCountry "ESP"]
[SourceTitle "playchess.com"]
[Source "ChessBase"]
[SourceQuality "1"]
[TimeControl "5400+30"]

1. g3 e5 2. c4 Nc6 3. Bg2 f5 4. Nc3 Nf6 5. d3 Bb4 6. Bd2 O-O 7. Rc1 d6 8. Nf3 Bxc3 9. Bxc3 Qe8 10. b4 Qh5 11. d4 e4 12. d5 Nxb4 13. Bxb4 exf3 14. Bxf3 Qh3 15. c5 Ng4 16. cxd6 Ne5 17. Qb3 a5 18. Ba3 a4 19. Qc3 Re8 20. dxc7 Nxf3+ 21. Qxf3 f4 22. e3 fxe3 23. fxe3 Bd7 24. Rf1 h6 25. Kd2 Rac8 26. Rf2 Kh7 27. Rc4 Bb5 28. Rg4 Re5 29. Rxg7+ 1-0

[Event "7th Iberoamerican-ch 2019"]
[Site "Linares"]
[Date "2019.08.10"]
[Round "1.12"]
[White "Aizpurua, Patrick"]
[Black "Fier, Alexandr"]
[Result "1-0"]
[ECO "A10"]
[WhiteElo "2243"]
[BlackElo "2547"]
[Annotator "ChessBase"]
[PlyCount "105"]
[EventDate "2019.08.10"]
[EventType "swiss"]
[EventCountry "ESP"]
[SourceTitle "playchess.com"]
[Source "ChessBase"]
[SourceQuality "1"]
[TimeControl "5400+30"]

1. c4 b6 2. Nc3 Bb7 3. e4 e6 4. Nf3 c5 5. Bd3 a6 6. O-O Qc7 7. Re1 Nc6 8. Bf1 Nf6 9. a3 Bd6 10. b4 Nd4 11. bxc5 bxc5 12. g3 h5 13. Bg2 Nxf3+ 14. Bxf3 Be5 15. Bb2 Kf8 16. Na4 h4 17. Bxe5 Qxe5 18. Qb3 Bc6 19. Rab1 Bxa4 20. Qxa4 Ke7 21. Qa5 hxg3 22. hxg3 Rh3 23. Bg2 Rh5 24. Bf3 Rh3 25. Bg2 Rh6 26. d4 Qxd4 27. Rbd1 Qe5 28. Rd5 exd5 29. exd5 Qxe1+ 30. Qxe1+ Kf8 31. d6 Re8 32. Qa5 Kg8 33. Bf3 Re5 34. Qxa6 Re1+ 35. Kg2 Rhh1 36. Be2 g5 37. Qc8+ Kg7 38. Qxc5 Rhg1+ 39. Kf3 Kg6 40. Qe5 g4+ 41. Kf4 Nh5+ 42. Kxg4 Ng7 43. Bd3+ f5+ 44. Bxf5+ Kf7 45. Qf4 Ne6 46. Qh6 Nf8 47. Qh5+ Kg7 48. Qg5+ Kf7 49. a4 Rgf1 50. f3 Rf2 51. Be4 Rxe4+ 52. fxe4 Rf6 53. Qd5+ 1-0

[Event "7th Iberoamerican-ch 2019"]
[Site "Linares"]
[Date "2019.08.10"]
[Round "1.13"]
[White "Martinez Duany, Lelys Stanley"]
[Black "Calzetta Ruiz, Monica"]
[Result "1-0"]
[ECO "A35"]
[WhiteElo "2535"]
[BlackElo "2257"]
[Annotator "ChessBase"]
[PlyCount "83"]
[EventDate "2019.08.10"]
[EventType "swiss"]
[EventCountry "ESP"]
[SourceTitle "playchess.com"]
[Source "ChessBase"]
[SourceQuality "1"]
[TimeControl "5400+30"]

1. Nf3 c5 2. c4 Nc6 3. Nc3 Nf6 4. e3 g6 5. d4 cxd4 6. exd4 d5 7. cxd5 Nxd5 8. Qb3 Nxc3 9. Bc4 Nd5 10. Bxd5 e6 11. Bxc6+ bxc6 12. O-O Bg7 13. Bg5 Qd6 14. Qe3 O-O 15. Bh6 Bxh6 16. Qxh6 f6 17. Rac1 Rb8 18. b3 a5 19. Qe3 a4 20. bxa4 Rb4 21. a5 Ba6 22. Rfe1 Bc4 23. Qa3 Qb8 24. Nd2 Bd5 25. Rb1 Rxb1 26. Rxb1 Qf4 27. Qe3 Qc7 28. Rb6 Bxa2 29. Ne4 Bd5 30. h4 Qa7 31. Nc5 Qxa5 32. Rb7 Rf7 33. Rb8+ Rf8 34. Qf4 Rxb8 35. Qxb8+ Kg7 36. Kh2 Qa3 37. Qd6 Kh6 38. Qf8+ Kh5 39. Qxf6 Qc1 40. Nd3 Qd2 41. Nf4+ Kh6 42. Qf8# 1-0

[Event "7th Iberoamerican-ch 2019"]
[Site "Linares"]
[Date "2019.08.10"]
[Round "1.14"]
[White "Silva Rodriguez, Fernando"]
[Black "Krysa, Leandro"]
[Result "0-1"]
[ECO "C50"]
[WhiteElo "2270"]
[BlackElo "2517"]
[Annotator "ChessBase"]
[PlyCount "114"]
[EventDate "2019.08.10"]
[EventType "swiss"]
[EventCountry "ESP"]
[SourceTitle "playchess.com"]
[Source "ChessBase"]
[SourceQuality "1"]
[TimeControl "5400+30"]

1. e4 e5 2. Nf3 Nc6 3. Bc4 Nf6 4. d3 Bc5 5. c3 d6 6. O-O O-O 7. Nbd2 a5 8. h3 Ba7 9. Re1 Ne7 10. Nf1 Ng6 11. Ng3 c6 12. Bb3 d5 13. Bg5 h6 14. Bxf6 Qxf6 15. exd5 a4 16. Bxa4 cxd5 17. Bb3 Qd6 18. Qd2 Be6 19. Kh1 Rad8 20. Re2 f6 21. Rd1 Kh8 22. Qe1 Nf4 23. Red2 Qd7 24. Qf1 g5 25. c4 d4 26. Ne2 Ng6 27. Ng3 h5 28. Nxh5 g4 29. Nh2 Qh7 30. hxg4 f5 31. gxf5 Bxf5 32. Ng3 Bb8 33. Kg1 Nf4 34. Bc2 Rd6 35. Qe1 Rh6 36. Nhf1 Rg8 37. f3 Rh1+ 38. Kf2 Qh4 39. Re2 Rxf1+ 40. Kxf1 Rxg3 41. Qf2 Qh1+ 42. Qg1 Qxg1+ 43. Kxg1 Nxe2+ 44. Kf2 Rg5 45. Rh1+ Kg7 46. Kxe2 Rxg2+ 47. Kd1 Bd6 48. a3 Rf2 49. b4 Rxf3 50. Ke2 Rg3 51. c5 Be7 52. Kf2 Re3 53. Rg1+ Kf6 54. Rf1 Kg5 55. Kg1 Bf6 56. b5 Bxd3 57. c6 bxc6 0-1

[Event "7th Iberoamerican-ch 2019"]
[Site "Linares"]
[Date "2019.08.10"]
[Round "1.15"]
[White "Cuenca Jimenez, Jose Fernando"]
[Black "Diaz Mino, Pablo"]
[Result "1-0"]
[ECO "E06"]
[WhiteElo "2534"]
[BlackElo "2109"]
[Annotator "ChessBase"]
[PlyCount "87"]
[EventDate "2019.08.10"]
[EventType "swiss"]
[EventCountry "ESP"]
[SourceTitle "playchess.com"]
[Source "ChessBase"]
[SourceQuality "1"]
[TimeControl "5400+30"]

1. Nf3 Nf6 2. c4 e6 3. g3 d5 4. d4 Be7 5. Bg2 O-O 6. O-O c6 7. Qc2 b6 8. Nbd2 Bb7 9. e4 Na6 10. a3 c5 11. exd5 exd5 12. dxc5 Nxc5 13. b4 Ne6 14. Bb2 Rc8 15. Ne5 Qc7 16. Rac1 d4 17. Bxb7 Qxb7 18. Qf5 Nd7 19. Nef3 a5 20. Nxd4 Nxd4 21. Bxd4 axb4 22. axb4 Bxb4 23. Ne4 Rc6 24. Rfd1 Nc5 25. Ng5 Rg6 26. Rb1 Ba3 27. h4 Ne6 28. Ne4 Nxd4 29. Rxd4 Qc6 30. Rbd1 Re6 31. Ng5 g6 32. Qd3 Bc5 33. Nxe6 Qxe6 34. Rf4 Qh3 35. Qf3 h5 36. Qg2 Qe6 37. Kh2 Qe2 38. Rd7 Qe6 39. Qd5 Qe8 40. Kg2 Kg7 41. Re4 Qc8 42. g4 hxg4 43. Rxg4 Qa8 44. Rxf7+ 1-0

[Event "7th Iberoamerican-ch 2019"]
[Site "Linares"]
[Date "2019.08.10"]
[Round "1.16"]
[White "Rodriguez Perez, Angel Mariano"]
[Black "Sosa, Tomas"]
[Result "0-1"]
[ECO "B24"]
[WhiteElo "2223"]
[BlackElo "2516"]
[Annotator "ChessBase"]
[PlyCount "74"]
[EventDate "2019.08.10"]
[EventType "swiss"]
[EventCountry "ESP"]
[SourceTitle "playchess.com"]
[Source "ChessBase"]
[SourceQuality "1"]
[TimeControl "5400+30"]

1. e4 c5 2. Nc3 Nc6 3. Bb5 Nd4 4. Bc4 g6 5. f4 Bg7 6. Nf3 e6 7. O-O Ne7 8. e5 d5 9. Bb5+ Nec6 10. Nxd4 cxd4 11. Na4 Qa5 12. Bxc6+ bxc6 13. b3 c5 14. d3 Bd7 15. Qd2 Qxd2 16. Bxd2 Bf8 17. Nb2 Bb5 18. Rf3 Be7 19. Rh3 f6 20. Rc1 fxe5 21. fxe5 O-O 22. Rf1 Rac8 23. Rxf8+ Bxf8 24. c4 dxc3 25. Bxc3 Bg7 26. Rh4 Rc6 27. g3 d4 28. Bd2 Bxe5 29. Re4 Bc7 30. Re1 e5 31. Rc1 Ba6 32. b4 e4 33. dxe4 c4 34. Bf4 c3 35. Na4 Bxf4 36. gxf4 Bb5 37. Nc5 d3 0-1

[Event "7th Iberoamerican-ch 2019"]
[Site "Linares"]
[Date "2019.08.10"]
[Round "1.17"]
[White "Salinas Herrera, Pablo"]
[Black "Jimenez Bernal, Francisco"]
[Result "1-0"]
[ECO "B84"]
[WhiteElo "2498"]
[BlackElo "2222"]
[Annotator "ChessBase"]
[PlyCount "65"]
[EventDate "2019.08.10"]
[EventType "swiss"]
[EventCountry "ESP"]
[SourceTitle "playchess.com"]
[Source "ChessBase"]
[SourceQuality "1"]
[TimeControl "5400+30"]

1. e4 c5 2. Nf3 d6 3. d4 Nf6 4. Nc3 cxd4 5. Nxd4 a6 6. Be2 e6 7. O-O Be7 8. Be3 O-O 9. a4 Qc7 10. f4 Nc6 11. Kh1 Re8 12. Bd3 Bd7 13. Nf3 Nb4 14. a5 Rac8 15. Qe1 d5 16. e5 Ne4 17. Bb6 Qb8 18. Bxe4 dxe4 19. Qxe4 Bc6 20. Qe2 Bb5 21. Nxb5 Rxc2 22. Qe4 axb5 23. Nd4 Rxb2 24. f5 Nd5 25. fxe6 fxe6 26. Nxe6 Nxb6 27. Qf5 Kh8 28. axb6 Rg8 29. Rf3 Qc8 30. Rg1 Rc2 31. Rh3 h6 32. Qg6 Bf8 33. Ng5 1-0

[Event "7th Iberoamerican-ch 2019"]
[Site "Linares"]
[Date "2019.08.10"]
[Round "1.18"]
[White "Castillo Gallego, Sergio"]
[Black "Matamoros Franco, Carlos S."]
[Result "1/2-1/2"]
[ECO "B30"]
[WhiteElo "2203"]
[BlackElo "2498"]
[Annotator "ChessBase"]
[PlyCount "62"]
[EventDate "2019.08.10"]
[EventType "swiss"]
[EventCountry "ESP"]
[SourceTitle "playchess.com"]
[Source "ChessBase"]
[SourceQuality "1"]
[TimeControl "5400+30"]

1. e4 c5 2. Nf3 Nc6 3. Nc3 g6 4. Bb5 Bg7 5. O-O e5 6. d3 Nge7 7. Bg5 h6 8. Be3 Nd4 9. Bc4 O-O 10. Nd5 d6 11. c3 Ndc6 12. h3 Be6 13. Nd2 Bxd5 14. exd5 Na5 15. f4 Nxc4 16. dxc4 Nf5 17. Qf3 Nxe3 18. Qxe3 exf4 19. Qxf4 Qd7 20. Ne4 Rad8 21. Nf6+ Bxf6 22. Qxf6 Rde8 23. Rae1 a6 24. h4 h5 25. a4 Rxe1 26. Rxe1 Qxa4 27. Re6 Qd1+ 28. Kh2 fxe6 29. Qxg6+ Kh8 30. Qh6+ Kg8 31. Qg6+ Kh8 1/2-1/2

[Event "7th Iberoamerican-ch 2019"]
[Site "Linares"]
[Date "2019.08.10"]
[Round "1.19"]
[White "Espinosa Aranda, Angel"]
[Black "Perera Borrego, Maria Adela"]
[Result "1-0"]
[ECO "A05"]
[WhiteElo "2488"]
[BlackElo "2179"]
[Annotator "ChessBase"]
[PlyCount "55"]
[EventDate "2019.08.10"]
[EventType "swiss"]
[EventCountry "ESP"]
[SourceTitle "playchess.com"]
[Source "ChessBase"]
[SourceQuality "1"]
[TimeControl "5400+30"]

1. Nf3 Nf6 2. c4 b6 3. g3 Bb7 4. Bg2 e5 5. O-O d6 6. Nc3 Be7 7. d4 Nbd7 8. b3 O-O 9. Bb2 Re8 10. d5 Bf8 11. e4 g6 12. Ne1 Bg7 13. b4 h6 14. Nd3 Nh7 15. h4 Ba6 16. Nb5 Ndf8 17. h5 Qd7 18. a4 Nf6 19. hxg6 fxg6 20. Rc1 Re7 21. f4 Bxb5 22. cxb5 exf4 23. Nxf4 Qe8 24. e5 dxe5 25. d6 cxd6 26. Nd5 Rf7 27. Nxf6+ Bxf6 28. Rxf6 1-0

[Event "7th Iberoamerican-ch 2019"]
[Site "Linares"]
[Date "2019.08.10"]
[Round "1.20"]
[White "Rodriguez Del Cerro, Ricardo"]
[Black "Garriga Cazorla, Pere"]
[Result "0-1"]
[ECO "A36"]
[WhiteElo "2235"]
[BlackElo "2495"]
[Annotator "ChessBase"]
[PlyCount "70"]
[EventDate "2019.08.10"]
[EventType "swiss"]
[EventCountry "ESP"]
[SourceTitle "playchess.com"]
[Source "ChessBase"]
[SourceQuality "1"]
[TimeControl "5400+30"]

1. c4 c5 2. Nc3 Nc6 3. g3 g6 4. Bg2 Bg7 5. a3 e6 6. Rb1 Nge7 7. b4 d6 8. Nf3 O-O 9. O-O Rb8 10. Qa4 b6 11. Rd1 Bb7 12. Bb2 a6 13. e3 e5 14. b5 axb5 15. cxb5 Na5 16. d4 cxd4 17. exd4 e4 18. Ne5 dxe5 19. dxe5 Qc8 20. Nxe4 Qc4 21. Qxc4 Nxc4 22. Rd7 Bxe4 23. Bxe4 Nxb2 24. Rxe7 Nc4 25. Bd5 Nxe5 26. Re1 Ng4 27. h3 Nf6 28. Bc6 Rfd8 29. Ra7 Bf8 30. Re2 Bc5 31. Kg2 h5 32. a4 h4 33. a5 bxa5 34. Rxa5 hxg3 35. fxg3 Rd3 0-1

[Event "7th Iberoamerican-ch 2019"]
[Site "Linares"]
[Date "2019.08.10"]
[Round "1.21"]
[White "Escobar Forero, Alder"]
[Black "Romero Berruezo, Francisco"]
[Result "1-0"]
[ECO "C77"]
[WhiteElo "2477"]
[BlackElo "2161"]
[Annotator "ChessBase"]
[PlyCount "103"]
[EventDate "2019.08.10"]
[EventType "swiss"]
[EventCountry "ESP"]
[SourceTitle "playchess.com"]
[Source "ChessBase"]
[SourceQuality "1"]
[TimeControl "5400+30"]

1. e4 e5 2. Nf3 Nc6 3. Bb5 a6 4. Ba4 Nf6 5. Nc3 b5 6. Bb3 Be7 7. d3 O-O 8. h3 d6 9. a4 b4 10. Nd5 a5 11. c3 Rb8 12. Be3 bxc3 13. bxc3 Ba6 14. Rb1 Nd7 15. O-O Nc5 16. Bxc5 dxc5 17. Qe2 Bd6 18. Ne3 g6 19. Ng4 h5 20. Ne3 Kg7 21. Bd5 Ne7 22. Bc4 Bxc4 23. Nxc4 Rxb1 24. Rxb1 Nc6 25. Rb5 Qa8 26. Qb2 f6 27. Rb7 Nd8 28. Rb5 Nc6 29. Nfd2 Rb8 30. Rxb8 Qxb8 31. Qxb8 Nxb8 32. Nxa5 Kf7 33. Ndc4 Be7 34. Ne3 c6 35. g3 Ke6 36. Kf1 Kd7 37. Ke2 Kc7 38. Nac4 Nd7 39. f4 Bf8 40. h4 Bh6 41. Kf3 g5 42. fxg5 fxg5 43. hxg5 Bxg5 44. Nf5 Bf6 45. Nfd6 Be7 46. Ne8+ Kb7 47. Ng7 Nb6 48. Nxb6 Kxb6 49. Nxh5 Ka5 50. c4 Kxa4 51. Ng7 Kb3 52. Ne6 1-0

[Event "7th Iberoamerican-ch 2019"]
[Site "Linares"]
[Date "2019.08.10"]
[Round "1.22"]
[White "Riquelme Valero, Manuel Damian"]
[Black "Moreno Ruiz, Javier"]
[Result "1/2-1/2"]
[ECO "E71"]
[WhiteElo "2157"]
[BlackElo "2473"]
[Annotator "ChessBase"]
[PlyCount "79"]
[EventDate "2019.08.10"]
[EventType "swiss"]
[EventCountry "ESP"]
[SourceTitle "playchess.com"]
[Source "ChessBase"]
[SourceQuality "1"]
[TimeControl "5400+30"]

1. d4 Nf6 2. c4 g6 3. Nc3 Bg7 4. e4 d6 5. h3 O-O 6. Bg5 c5 7. d5 e6 8. Bd3 exd5 9. exd5 Nbd7 10. Nf3 Re8+ 11. Kf1 Ne5 12. Nxe5 Rxe5 13. Bf4 Re8 14. g4 a6 15. a4 h5 16. f3 Nd7 17. Kg2 Ne5 18. Qd2 b6 19. Rae1 Ra7 20. Re2 Rae7 21. Rhe1 hxg4 22. hxg4 Nxd3 23. Qxd3 Rxe2+ 24. Rxe2 Rxe2+ 25. Qxe2 f5 26. g5 Kf7 27. Nd1 Bd7 28. b3 Qe7 29. Qxe7+ Kxe7 30. Bd2 b5 31. axb5 axb5 32. Bc3 Be5 33. Bxe5 dxe5 34. Nb2 Kd6 35. Kf2 f4 36. Ke2 Bf5 37. Nd3 b4 38. Nf2 Bc2 39. Ne4+ Bxe4 40. fxe4 1/2-1/2

[Event "7th Iberoamerican-ch 2019"]
[Site "Linares"]
[Date "2019.08.10"]
[Round "1.23"]
[White "Del Rio De Angelis, Salvador G."]
[Black "Gomez Barrera, Javiera Belen"]
[Result "1-0"]
[ECO "E71"]
[WhiteElo "2464"]
[BlackElo "2156"]
[Annotator "ChessBase"]
[PlyCount "59"]
[EventDate "2019.08.10"]
[EventType "swiss"]
[EventCountry "ESP"]
[SourceTitle "playchess.com"]
[Source "ChessBase"]
[SourceQuality "1"]
[TimeControl "5400+30"]

1. d4 Nf6 2. c4 g6 3. Nc3 Bg7 4. e4 d6 5. h3 O-O 6. Be3 Na6 7. g4 c5 8. Nge2 Rb8 9. Bg2 b6 10. O-O h5 11. f3 Be6 12. b3 Bd7 13. Qd2 Qc8 14. Rad1 Rd8 15. Nd5 Nxd5 16. cxd5 hxg4 17. hxg4 Bb5 18. Rf2 Bxe2 19. Qxe2 cxd4 20. Bxd4 Bxd4 21. Rxd4 Qc1+ 22. Rd1 Qa3 23. Bf1 Nb4 24. Qe3 Kg7 25. g5 Rbc8 26. e5 Qa5 27. exd6 Rxd6 28. Qe5+ Kg8 29. Rh2 Qc5+ 30. Kh1 1-0

[Event "7th Iberoamerican-ch 2019"]
[Site "Linares"]
[Date "2019.08.10"]
[Round "1.24"]
[White "Fernandez Ayuso, Sergio"]
[Black "Roselli Mailhe, Bernardo"]
[Result "1-0"]
[ECO "A48"]
[WhiteElo "2173"]
[BlackElo "2471"]
[Annotator "ChessBase"]
[PlyCount "81"]
[EventDate "2019.08.10"]
[EventType "swiss"]
[EventCountry "ESP"]
[SourceTitle "playchess.com"]
[Source "ChessBase"]
[SourceQuality "1"]
[TimeControl "5400+30"]

1. d4 Nf6 2. Nf3 g6 3. Bf4 Bg7 4. Nbd2 O-O 5. c3 d6 6. h3 c5 7. e3 Nc6 8. Be2 cxd4 9. cxd4 e5 10. dxe5 dxe5 11. Nxe5 Nd5 12. Nxc6 bxc6 13. Nc4 Nxf4 14. exf4 Qf6 15. O-O Qxf4 16. Qc1 Qf6 17. Rd1 Be6 18. Rb1 Qh4 19. b3 Bd4 20. Ne3 c5 21. Bc4 Rfe8 22. Re1 Rad8 23. Bxe6 Rxe6 24. Ng4 h5 25. Rxe6 hxg4 26. Re3 gxh3 27. Rxh3 Qxf2+ 28. Kh1 Qxa2 29. Qf1 a5 30. Re1 Qc2 31. Qb5 Qd2 32. Rf1 Qb4 33. Qc6 Qb8 34. Qe4 Qe5 35. Qh4 Rd7 36. Qh7+ Kf8 37. Qxg6 a4 38. Qc6 Qd5 39. Qxa4 Re7 40. Qa6 Re6 41. Qd3 1-0

[Event "7th Iberoamerican-ch 2019"]
[Site "Linares"]
[Date "2019.08.10"]
[Round "1.25"]
[White "Larino Nieto, David"]
[Black "Garcia Paolicchi, Raul"]
[Result "1-0"]
[ECO "A06"]
[WhiteElo "2471"]
[BlackElo "2123"]
[Annotator "ChessBase"]
[PlyCount "103"]
[EventDate "2019.08.10"]
[EventType "swiss"]
[EventCountry "ESP"]
[SourceTitle "playchess.com"]
[Source "ChessBase"]
[SourceQuality "1"]
[TimeControl "5400+30"]

1. Nf3 d5 2. b3 c6 3. Bb2 Bf5 4. d3 Nf6 5. Nbd2 e6 6. g3 h6 7. Bg2 Nbd7 8. O-O Be7 9. e4 dxe4 10. dxe4 Bh7 11. Qe2 O-O 12. e5 Nd5 13. c4 N5b6 14. Ne4 Qc7 15. Rfd1 Nc8 16. Rd2 Bxe4 17. Qxe4 Nc5 18. Qc2 Nb6 19. Rad1 Rad8 20. Bc3 Rxd2 21. Rxd2 Rd8 22. a4 Rxd2 23. Nxd2 Na6 24. Ne4 Nd7 25. f4 Ndc5 26. Nxc5 Bxc5+ 27. Kf1 Qe7 28. Bf3 Bb4 29. Bb2 Ba3 30. Ba1 Qd7 31. Ke2 Bc5 32. Bc3 Qc7 33. Qd1 Nb4 34. h4 Qb6 35. Be1 a5 36. h5 Bd4 37. Be4 c5 38. Kf1 Nc6 39. Qf3 Nd8 40. Bc2 Qc6 41. Qxc6 Nxc6 42. Be4 Nb4 43. Bxb7 Kf8 44. Ke2 f6 45. exf6 gxf6 46. g4 Kf7 47. Be4 Kg7 48. Kf3 Kf7 49. Bd2 Kg7 50. Bb7 Kf7 51. Ke4 Ke7 52. f5 1-0

[Event "7th Iberoamerican-ch 2019"]
[Site "Linares"]
[Date "2019.08.10"]
[Round "1.26"]
[White "Vega Gutierrez, Belinda"]
[Black "Fluvia Poyatos, Jordi"]
[Result "1-0"]
[ECO "B10"]
[WhiteElo "2133"]
[BlackElo "2455"]
[Annotator "ChessBase"]
[PlyCount "119"]
[EventDate "2019.08.10"]
[EventType "swiss"]
[EventCountry "ESP"]
[SourceTitle "playchess.com"]
[Source "ChessBase"]
[SourceQuality "1"]
[TimeControl "5400+30"]

1. e4 c6 2. Nc3 d5 3. Qf3 e6 4. Nh3 Nf6 5. e5 Ng8 6. d4 b6 7. Bd3 Qd7 8. Ng5 h6 9. Qh5 hxg5 10. Qxh8 Ne7 11. Bxg5 Ba6 12. O-O-O c5 13. Bxe7 Qxe7 14. Bb5+ Bxb5 15. Nxb5 Nc6 16. f4 cxd4 17. Nxd4 Na5 18. f5 exf5 19. e6 O-O-O 20. Qh3 g6 21. Rhe1 f6 22. Qf3 Qb7 23. Re2 Nc4 24. h4 Qa6 25. Kb1 Ne5 26. Qb3 Bc5 27. Qb5 Qxb5 28. Nxb5 a6 29. Nd4 Kb7 30. Nf3 Nc6 31. Red2 Ne7 32. c4 Kc7 33. cxd5 Kd6 34. a3 a5 35. Rd3 f4 36. Kc2 Rh8 37. Nd2 Nf5 38. Nc4+ Ke7 39. Kc3 a4 40. d6+ Kxe6 41. d7 Rd8 42. Re1+ Kf7 43. Rf1 Nxh4 44. Rxf4 g5 45. Re4 Nxg2 46. Nd6+ Bxd6 47. Rxd6 Nf4 48. Kb4 Ng6 49. Kb5 Nf8 50. Kc6 Nxd7 51. Rxd7+ Rxd7 52. Kxd7 f5 53. Re1 g4 54. Kd6 Kf6 55. Kd5 Kg5 56. Ke5 g3 57. Rf1 Kg4 58. Rxf5 g2 59. Rf8 Kh3 60. Rg8 1-0